Map: Lightshade LE

Players

TalDarim

  • Race: Terran Terran
  • League: Diamond

Icyeye - Winner!

  • Race: Terran Terran
  • League: Master

VOD

Have the link to the VOD?

Description

Time

  • Played on: Oct. 16, 2021, 6:49 a.m.
  • Length: 19:41
Show
View Real Time Build Order
Export as new Build Order

TalDarim Terran 

Build Orders:  

Get SALT Encoding   

  12  0:00  SCV  
  13  0:12  SCV  
  14  0:17  Supply Depot  
  14  0:24  SCV  
  15  0:38  SCV  
  15  0:39  Barracks  
  16  0:45  Refinery  
  16  0:50  SCV  
  16  0:54  Refinery  
  17  1:02  SCV  
  18  1:15  SCV  
  19  1:27  Barracks Reactor  
  19  1:28  Supply Depot, Orbital Command  
  19  1:42  Factory  
  19  1:55  SCV  
  20  2:04  Reaper x2  
  20  2:07  SCV  
  23  2:19  SCV  
  24  2:26  Hellion  
  26  2:32  Command Center  
  26  2:36  Reaper x2  
  28  2:47  Supply Depot, Hellion  
  28  2:50  SCV  
  31  3:09  SCV  
  32  3:12  Marine  
  32  3:13  Marine, Factory Tech Lab  
  32  3:16  Starport  
  34  3:21  SCV  
  34  3:25  Supply Depot  
  35  3:32  Marine x2  
  35  3:33  SCV  
  38  3:44  Cyclone  
  40  3:57  Marine x2  
  41  4:15  Marine x2  
  41  4:20  Siege Tank  
  41  4:21  Medivac  
  44  4:32  Marine  
  44  4:33  Marine  
  44  4:35  Orbital Command  
  44  4:38  Command Center  
  44  4:50  Marine x2, Refinery  
  46  4:53  Orbital Command  
  46  5:04  Starport Reactor  
  46  5:05  Siege Tank  
  49  5:08  Marine x2  
  49  5:13  SCV  
  52  5:19  SCV  
  53  5:25  SCV  
  53  5:26  Supply Depot, Marine x2  
  56  5:33  SCV  
  57  5:37  SCV  
  57  5:42  Siege Tank  
  61  5:44  Marine  
  61  5:48  Medivac  
  52  6:06  Orbital Command  
  52  6:08  Marine x2  
  52  6:09  Barracks  
  52  6:11  SCV x2  
  56  6:14  Refinery  
  56  6:18  Siege Tank  
  59  6:23  SCV  
  59  6:25  SCV  
  61  6:26  Marine x2  
  61  6:31  Supply Depot  
  63  6:33  SCV  
  63  6:35  SCV  
  63  6:37  SCV  
  63  6:38  Barracks  
  66  6:44  Marine x2  
  68  6:48  Medivac x2  
  68  6:50  Siege Tank  
  68  6:52  SCV x3  
  78  6:56  Barracks Tech Lab  
  78  7:00  Barracks  
  78  7:02  Marine x2  
  80  7:11  SCV x3  
  80  7:15  Supply Depot  
  83  7:16  Supply Depot x2  
  83  7:17  Marine, Stimpack  
  83  7:20  Marine x2  
  86  7:23  SCV  
  86  7:24  Liberator  
  86  7:27  Liberator  
  93  7:36  Barracks Reactor  
  93  7:37  Marine x2  
  93  7:38  Supply Depot, Marine  
  96  7:46  Supply Depot  
  96  7:47  SCV x2  
  96  7:48  Marine, SCV  
  100  7:55  Marine x3  
  103  7:59  Orbital Command  
  103  8:06  Marine  
  103  8:09  Armory, Starport  
  103  8:11  Engineering Bay  
  104  8:12  Marine  
  104  8:13  Marine  
  106  8:23  SCV x2  
  106  8:24  SCV  
  109  8:31  Marauder  
  111  8:35  SCV  
  111  8:36  SCV x2  
  111  8:38  Marine x5, Engineering Bay  
  111  8:39  Siege Tank  
  122  8:47  SCV  
  122  8:48  SCV x2  
  125  8:52  Marine  
  124  8:56  Marine  
  124  9:00  SCV  
  118  9:11  Siege Tank  
  118  9:16  Marine x3, Barracks Reactor  
  118  9:17  Marine x2  
  107  9:39  Marine  
  107  9:40  Marine x4  
  107  9:42  Starport Reactor  
  107  9:44  Siege Tank  
  115  9:57  Marine x2  
  106  10:12  Marine, Viking x2  
  111  10:16  Siege Tank  
  111  10:18  Refinery x2  
  111  10:19  SCV x2  
  113  10:25  SCV  
  114  10:30  Marine  
  114  10:31  Marine x6, SCV x2  
  123  10:40  SCV  
  123  10:42  Viking x2  
  126  10:43  SCV  
  126  10:44  Terran Infantry Weapons Level 1, Terran Infantry Armor Level 1  
  126  10:48  Marine x4  
  126  10:49  Command Center  
  133  10:55  Terran Vehicle Weapons Level 1  
  133  10:59  Marine x3, Viking x2  
  133  11:00  Supply Depot  
  133  11:01  Supply Depot  
  140  11:05  Siege Tank  
  140  11:06  Marine x4  
  147  11:12  Viking x2  
  147  11:17  Marine x3  
  154  11:23  Marine  
  150  11:33  Marine  
  150  11:34  Marine x2  
  150  11:35  Marine x3  
  142  11:41  Marine  
  135  11:51  Marine x3  
  135  11:52  Marine x3  
  140  11:58  SCV  
  140  11:59  Marine, SCV x2  
  143  12:06  Missile Turret  
  143  12:09  Marine x3  
  143  12:10  Missile Turret, Marine x3, SCV  
  104  13:04  Marine x5  
  104  13:05  Marine x2  
  96  13:22  Marine x7  
  96  13:24  SCV  
  96  13:25  SCV x2  
  104  13:27  Siege Tank  
  104  13:28  Viking  
  109  13:36  SCV  
  109  13:39  Marine  
  109  13:40  Marine x6  
  117  13:42  Sensor Tower  
  117  13:50  Sensor Tower  
  117  13:51  Planetary Fortress  
  117  13:52  SCV  
  117  13:53  SCV  
  117  13:54  Terran Infantry Armor Level 2  
  119  13:57  Marine  
  119  13:58  Marine x6, Terran Infantry Weapons Level 2  
  119  14:00  Siege Tank  
  129  14:11  SCV x2  
  129  14:15  Marine, SCV, Refinery x2  
  129  14:16  Marine x6  
  139  14:20  Medivac  
  139  14:23  SCV  
  126  14:32  Siege Tank  
  126  14:33  Marine x2  
  126  14:34  Marine x5  
  134  14:39  Medivac  
  134  14:42  Terran Vehicle Weapons Level 2  
  136  14:50  Medivac  
  136  14:51  Marine x6, Medivac x2  
  136  14:52  Marauder  
  150  15:04  Siege Tank  
  150  15:06  SCV x2  
  155  15:07  Factory x2  
  155  15:09  Marine x6  
  155  15:13  Marauder  
  163  15:26  Marine  
  163  15:27  Marine  
  139  15:29  Marine  
  139  15:35  Marauder  
  128  15:36  Siege Tank  
  129  15:47  Marine x6  
  133  15:53  Factory Tech Lab  
  133  15:54  Factory Tech Lab  
  133  15:56  Marine  
  134  16:00  Viking x2, Medivac x2  
  134  16:01  Command Center  
  134  16:02  Command Center  
  142  16:05  Marine x6  
  142  16:08  Siege Tank  
  151  16:13  Marine  
  147  16:22  Marine  
  147  16:23  Marine x5  
  147  16:25  Siege Tank x2  
  151  16:30  Viking, Medivac x3  
  151  16:31  Marine  
  160  16:40  Marine, Siege Tank  
  160  16:41  Marine x5  
  160  16:43  Sensor Tower, Terran Infantry Armor Level 3  
  169  16:49  Marine  
  169  16:50  Terran Infantry Weapons Level 3  
  170  16:58  Marine  
  170  16:59  Marine x5  
  170  17:00  Viking, Medivac x3  
  184  17:07  Marine  
  180  17:16  Marine  
  132  17:30  Marine x6, Viking x3, Medivac  
  132  17:33  Siege Tank  
  132  17:34  Marine  
  150  17:41  Orbital Command  
  150  17:47  Marine  
  150  17:48  Marine x5  
  156  17:51  Marine  
  156  17:54  SCV x4  
  161  18:00  Liberator  
  161  18:01  Siege Tank  
  161  18:05  Marine  
  167  18:06  Marine x5, SCV x3  
  176  18:18  Planetary Fortress  
  176  18:23  Refinery  
  176  18:25  Marine, Siege Tank x2, Refinery  
  176  18:26  Marine x4  
  165  18:57  Marine  
  165  18:58  Marine x6  
  153  19:15  Marine  
  153  19:16  Marine x6  
Show
View Real Time Build Order
Export as new Build Order

Icyeye Terran - Winner!

Build Orders: 3 Rax Stim 

Get SALT Encoding   

  12  0:00  SCV  
  13  0:12  SCV  
  14  0:17  Supply Depot  
  14  0:24  SCV  
  15  0:38  SCV  
  15  0:40  Barracks  
  16  0:44  Refinery  
  16  0:51  SCV  
  17  1:03  SCV  
  18  1:16  SCV  
  19  1:31  Orbital Command  
  19  1:33  Barracks Reactor  
  19  1:43  Command Center  
  19  1:53  Supply Depot  
  19  1:57  SCV  
  20  2:04  Barracks  
  20  2:11  SCV  
  20  2:12  Marine  
  20  2:13  Marine  
  23  2:27  SCV  
  24  2:32  Marine  
  24  2:33  Marine  
  24  2:34  Barracks  
  26  2:39  SCV  
  27  2:50  Marine x2  
  29  2:51  SCV  
  29  2:52  Barracks Tech Lab  
  29  2:55  Orbital Command  
  30  3:08  Marine x2  
  32  3:14  Supply Depot, SCV  
  33  3:21  Supply Depot  
  33  3:22  SCV  
  33  3:23  Barracks Tech Lab  
  33  3:26  Stimpack  
  34  3:30  SCV  
  34  3:34  Marine x2  
  35  3:38  Marauder  
  35  3:39  SCV  
  40  3:42  SCV  
  36  3:51  Marauder  
  36  3:59  Marauder  
  34  4:07  Marine x2  
  33  4:12  Marine  
  29  4:18  SCV x2  
  29  4:21  Marauder, Combat Shield  
  33  4:25  Marine x2  
  35  4:34  SCV x2  
  35  4:36  Marauder  
  38  4:43  Marine x2  
  40  4:46  SCV  
  40  4:47  SCV  
  40  4:50  Factory  
  44  4:59  SCV x2  
  45  5:01  Marine x2  
  45  5:03  Marine x2  
  45  5:06  Concussive Shells  
  47  5:18  SCV x2  
  47  5:19  Supply Depot, Marine x2  
  51  5:24  Marauder  
  51  5:25  Marauder  
  55  5:30  SCV  
  55  5:31  SCV, Engineering Bay  
  57  5:37  Marine, Factory Tech Lab, Refinery  
  57  5:40  Marine  
  59  5:43  SCV x2  
  59  5:44  Marine  
  59  5:45  Starport  
  46  6:09  SCV x2  
  46  6:11  Refinery  
  48  6:14  Command Center  
  48  6:17  Supply Depot  
  48  6:19  Marauder  
  48  6:20  Marauder  
  48  6:21  SCV  
  48  6:25  SCV  
  54  6:30  Starport Reactor  
  56  6:33  SCV  
  56  6:35  Barracks  
  56  6:37  SCV  
  56  6:41  Marauder  
  56  6:46  SCV  
  59  6:47  Missile Turret  
  59  6:49  SCV  
  59  6:53  Siege Tank  
  63  6:57  Supply Depot  
  63  6:58  Supply Depot, SCV  
  63  7:01  SCV, Refinery  
  65  7:03  Marine x2  
  65  7:04  Marine x2  
  65  7:07  Medivac  
  71  7:10  SCV  
  71  7:13  SCV  
  75  7:17  Terran Infantry Weapons Level 1  
  75  7:22  SCV  
  74  7:25  SCV  
  75  7:32  Marine  
  75  7:33  Supply Depot, Marine, Marauder  
  75  7:34  Supply Depot, SCV  
  75  7:35  Barracks Reactor  
  80  7:37  SCV  
  80  7:38  Supply Depot  
  80  7:42  Siege Tank  
  80  7:43  Medivac  
  86  7:56  SCV x2  
  86  7:57  Marauder x2  
  92  8:01  Planetary Fortress  
  88  8:15  Marine x4  
  88  8:16  Armory  
  88  8:18  Marine x2  
  88  8:19  Barracks  
  90  8:23  Barracks  
  90  8:26  Siege Tank  
  93  8:33  Marine x4  
  97  8:34  SCV x2  
  98  8:57  Marine, SCV x2  
  98  8:58  Marine  
  74  9:17  Marine x3  
  74  9:18  Viking x2  
  74  9:19  Siege Tank  
  74  9:24  Marine x2  
  84  9:25  Marauder  
  84  9:28  Barracks Tech Lab x2  
  87  9:38  Marine x3  
  81  9:42  Marauder  
  85  9:48  Terran Infantry Weapons Level 2  
  85  9:51  Barracks, Engineering Bay  
  85  9:52  Barracks  
  85  9:53  Barracks  
  80  10:03  Marine  
  80  10:04  Marine  
  81  10:08  Supply Depot  
  81  10:09  Supply Depot  
  81  10:13  Supply Depot  
  81  10:20  SCV x2  
  81  10:21  SCV  
  84  10:22  Command Center  
  84  10:25  Command Center, Marine  
  84  10:26  Marine x3, Marauder x2  
  84  10:27  Siege Tank, Medivac x2  
  102  10:32  SCV  
  102  10:37  Marine  
  102  10:38  Supply Depot  
  102  10:39  Barracks Reactor  
  101  10:42  Barracks Reactor  
  101  10:43  Marine x2  
  101  10:44  Marine x2  
  105  10:53  SCV x2  
  107  10:57  Sensor Tower  
  107  10:59  Marine x3, Sensor Tower  
  107  11:00  Marine, Marauder  
  107  11:01  Marine, Siege Tank  
  107  11:02  Medivac  
  119  11:04  Medivac  
  119  11:08  Refinery  
  119  11:09  Refinery  
  121  11:16  SCV x2  
  123  11:19  SCV  
  123  11:20  Terran Infantry Armor Level 1  
  124  11:28  SCV  
  113  11:37  SCV x2  
  105  11:40  SCV  
  105  11:45  Marine x3  
  105  11:46  Marine x8  
  115  11:48  Siege Tank, Medivac x2  
  115  11:52  Orbital Command  
  121  11:55  Factory  
  121  11:56  Factory  
  92  12:19  Marine x8  
  92  12:20  Marine x2  
  99  12:23  Marine, Siege Tank  
  99  12:24  Marine x2  
  87  12:37  Marine x9  
  87  12:38  Marine  
  87  12:41  Marine  
  94  12:52  Command Center, Factory Tech Lab  
  94  12:56  Terran Infantry Weapons Level 3  
  80  13:24  Refinery  
  80  13:31  Marine x10  
  80  13:32  Marine x2  
  80  13:33  Siege Tank  
  80  13:34  Medivac x2, Orbital Command  
  99  13:35  SCV x2  
  99  13:38  Terran Vehicle Weapons Level 1, Terran Infantry Armor Level 2  
  101  13:44  Smart Servos  
  101  13:46  Ghost Academy  
  101  13:49  Siege Tank  
  101  13:53  SCV x3  
  107  14:05  SCV  
  107  14:07  Planetary Fortress  
  108  14:11  SCV x3  
  108  14:12  Marine x6  
  108  14:13  Barracks Reactor  
  108  14:14  Barracks Reactor  
  117  14:17  SCV  
  117  14:23  SCV  
  90  14:34  Marine x9  
  90  14:42  Marine x2  
  90  14:44  Barracks  
  90  14:45  Barracks  
  92  14:49  Barracks, Siege Tank  
  92  14:52  Marine x7  
  99  14:55  Sensor Tower  
  99  14:59  SCV x3  
  105  15:00  Marine  
  105  15:01  Sensor Tower  
  106  15:07  Missile Turret, Siege Tank  
  106  15:09  Marine x2  
  106  15:10  Marine  
  106  15:11  Marine  
  106  15:12  Marine x2  
  87  15:36  Marine x3  
  87  15:37  Marine x4  
  91  15:46  Marine x8  
  91  15:47  Siege Tank x2  
  91  15:49  Barracks Reactor x2  
  104  15:51  Barracks Reactor  
  104  15:58  Marine x5  
  104  15:59  Marine x2  
  104  16:04  Marine x3, Refinery x2  
  103  16:19  Siege Tank  
  103  16:24  SCV  
  107  16:26  Marine x17, Refinery  
  107  16:29  Marine  
  125  16:37  Starport  
  125  16:39  Starport  
  125  16:42  SCV x4  
  125  16:46  Terran Infantry Armor Level 3  
  129  16:48  Terran Vehicle Weapons Level 2  
  129  16:52  Medivac  
  131  16:55  Viking  
  133  17:09  Missile Turret, Sensor Tower  
  132  17:22  Viking  
  115  17:27  Marine  
  115  17:28  Marine x9  
  108  17:32  Medivac  
  108  17:33  Marine x8  
  108  17:35  Starport Reactor x2  
  118  17:52  Medivac  
  118  17:53  Refinery  
  118  17:56  Command Center  
  120  17:59  Siege Tank  
  120  18:01  Siege Tank  
  126  18:06  SCV  
  126  18:07  SCV x2  
  129  18:21  Viking x4  
  129  18:22  Marine x10  
  147  18:28  Factory  
  117  19:01  Marine x5  
  117  19:02  Marine x2  
  101  19:03  Marine  
  101  19:04  Marine x3  
  101  19:05  Medivac x4  
  101  19:06  Siege Tank  
  101  19:07  Marine x8  
  109  19:15  Marine x2  
  105  19:19  Marine  
  104  19:33  Command Center  
Tags
 
Build Order
3 Rax Stim
Matchup
TvT
Race
Terran
Add a new tag
Caveats
  • Supply blocks, unpowered buildings, or Contaminate may cause inaccurate times.
  • Supply counts are checked every 10 seconds.